 Dungeon Crawl Stone Soup version 0.29.1-12-g30fa7ad0bf (webtiles) character file.

Game seed: 6121082396169594930

2518 wormed the Cleaver (level 9, -5/80 HPs)
             Began as a Minotaur Berserker on Dec 19, 2022.
             Was a Priest of Trog.
             Slain by a six-headed hydra (11 damage)
             ... on level 7 of the Dungeon on Dec 20, 2022.
             The game lasted 00:20:57 (8839 turns).

wormed the Cleaver (Minotaur Berserker)             Turns: 8839, Time: 00:20:58

Health: -5/80      AC:  8    Str: 26    XL:     9   Next: 29%
Magic:  8/8        EV: 12    Int:  4    God:    Trog [***...]
Gold:   306        SH:  0    Dex: 10    Spells: 8/8 levels left

rFire   + . .      SeeInvis .   a - +1 hand axe (protect)
rCold   + . .      Faith    +   (no shield)
rNeg    . . .      Spirit   .   I - +0 steam dragon scales
rPois   .          Reflect  .   (helmet restricted)
rElec   .          Harm     .   (no cloak)
rCorr   .          Rampage  .   (no gloves)
Will    .....                   i - +1 pair of boots
Stlth   +.........              e - amulet of faith
HPRegen 0.23/turn               d - ring of protection from fire
MPRegen 0.11/turn               j - ring of protection from cold

@: confused, ambrosia-drunk
A: horns 2, retaliatory headbutt
a: Renounce Religion, Berserk, Trog's Hand


You were on level 7 of the Dungeon.
You worshipped Trog.
Trog was most pleased with you.
You visited 1 branch of the dungeon, and saw 7 of its levels.

You collected 306 gold pieces.

Inventory:

Hand Weapons
 a - a +1 hand axe of protection (weapon)
Missiles
 v - 3 throwing nets
Armour
 i - a +1 pair of boots (worn)
 I - +0 steam dragon scales (worn)
Jewellery
 d - a ring of protection from fire (left hand)
 e - an amulet of faith (around neck)
 j - a ring of protection from cold (right hand)
 q - an amulet of the acrobat
 w - an amulet of magic regeneration
 B - a ring of resist corrosion
 C - a ring of protection from fire
 G - a ring of fire
Wands
 E - a wand of iceblast (6) (quivered)
Scrolls
 c - 2 scrolls of teleportation
 g - a scroll of noise
 l - 3 scrolls of butterflies
 s - a scroll of brand weapon
 t - 4 scrolls of enchant armour
 u - a scroll of magic mapping
 y - a scroll of vulnerability
 H - a scroll of identify
Potions
 h - a potion of cancellation
 m - a potion of ambrosia
 r - a potion of brilliance
 x - a potion of curing
 z - 2 potions of might {unknown}
 A - 2 potions of heal wounds


   Skills:
 + Level 7.7 Fighting
 * Level 10.2 Axes
 + Level 7.1 Armour
 - Level 2.1 Dodging
 + Level 6.5 Shields


You had 8 spell levels left.
You didn't know any spells.
Your spell library was empty.

Dungeon Overview and Level Annotations

Branches:
Dungeon (7/15)             Temple (0/1) D:6

Altars:
Gozag
Kikubaaqudgha
Nemelex Xobeh
Ru
The Shining One

Shops:
D:2 [:


Innate Abilities, Weirdness & Mutations

You have a pair of horns on your head.
You reflexively headbutt those who attack you in melee.


Message History

As you read the scroll labelled BAN GEMAKETOIT, it crumbles to dust.
It is a scroll of enchant weapon.
Your +0 hand axe of protection glows red for a moment.
It was a potion of attraction.
You feel attractive to monsters.
It was a potion of heal wounds.
You feel much better.
There is a stone staircase leading down here.
There is a stone staircase leading down here.
You start waiting.
You feel less attractive to monsters.
You climb downwards.
The orc hits you but does no damage. The six-headed hydra barely misses you.
The six-headed hydra bites you.
The six-headed hydra bites you! x3; The six-headed hydra barely misses you.
The orc barely misses you. You furiously retaliate!
You headbutt the orc.
There is a stone staircase leading up, spattered with blood here.
The six-headed hydra misses you. The six-headed hydra barely misses you.
The six-headed hydra bites you but does no damage.
The six-headed hydra barely misses you. The six-headed hydra bites you.
The six-headed hydra bites you! The orc hits you with a +0 club.
You climb upwards.
There is a stone staircase leading down here.
Okay, then.
The six-headed hydra closely misses you.
The six-headed hydra bites you. The six-headed hydra bites you! x2
* * * LOW HITPOINT WARNING * * *
The six-headed hydra bites you but does no damage.
The six-headed hydra bites you.
* * * LOW HITPOINT WARNING * * *
The orc hits you but does no damage.
You climb downwards.
There is a stone staircase leading up, spattered with blood here.
You are confused.
You feel invigorated. The six-headed hydra bites you!
* * * LOW HITPOINT WARNING * * *
The six-headed hydra bites you.
* * * LOW HITPOINT WARNING * * *
The six-headed hydra bites you.
* * * LOW HITPOINT WARNING * * *
The six-headed hydra bites you!
You die...

#.>..........oD...)).#
###.....#.##......##..#
#.........#######.###..
.#.##..### #.###.5
#...# #.#.... . #...#
#.#.... ... #...#
#...... .....##...#####
#..###.#
.......@o...... ...#
#.# ####...D##.##.. #.
#.# #...). ... ..#
#######...# # . ### #.
.. # # #


You could see a six-headed hydra and an orc.

Vanquished Creatures
  2 wyverns
  2 steam dragons
  2 black bears
  3 ice beasts (D:5)
  An ogre (D:5)
  2 phantoms
  4 necrophages
  A scorpion (D:7)
  8 wights
  A howler monkey (D:5)
  A centaur zombie (D:4)
  An orc priest (D:5)
  3 hounds
  A human zombie (D:4)
  A scorpion zombie (D:4)
  4 iguanas
  5 orc wizards
  3 gnolls (D:3)
  4 adders
  A shadow imp (D:3)
  A white imp (D:7)
  An ufetubus (D:7)
  2 adder zombies (D:4)
  2 worms (D:2)
  2 dart slugs
  10 orcs
  4 bats
  6 endoplasms
  4 giant cockroaches
  9 goblins
  4 hobgoblins
  6 jackals
  3 ball pythons
  4 frilled lizards
  6 kobolds
  4 rats
118 creatures vanquished.

Notes
Turn   | Place    | Note
-------+----------+-------------------------------------------
     0 | D:1      | wormed the Minotaur Berserker began the quest for the Orb.
     0 | D:1      | Reached XP level 1. HP: 19/19 MP: 0/0
   121 | D:1      | Found a faded altar of an unknown god.
   314 | D:1      | Reached XP level 2. HP: 25/27 MP: 1/1
   366 | D:1      | Reached skill level 4 in Axes
   537 | D:1      | Reached skill level 1 in Shields
   740 | D:2      | Reached ** piety under Trog
   749 | D:2      | Found Wirixted's Armour Emporium.
   768 | D:2      | Reached XP level 3. HP: 25/33 MP: 2/2
   987 | D:2      | Found a sparkling altar of Nemelex Xobeh.
  1123 | D:2      | Found Suzoah's Book Boutique.
  2305 | D:3      | Reached XP level 4. HP: 35/40 MP: 3/3
  2406 | D:3      | Found a sparkling altar of Nemelex Xobeh.
  2698 | D:3      | Reached skill level 5 in Axes
  3299 | D:4      | Noticed a phantom
  3310 | D:4      | Killed a phantom
  3311 | D:4      | Reached XP level 5. HP: 26/47 MP: 4/4
  3588 | D:4      | Found a sacrificial altar of Ru.
  3903 | D:4      | Reached XP level 6. HP: 53/55 MP: 5/5
  3919 | D:4      | Reached skill level 6 in Axes
  3927 | D:4      | Reached skill level 5 in Fighting
  4416 | D:4      | Found an ancient bone altar of Kikubaaqudgha.
  4559 | D:4      | Reached XP level 7. HP: 48/61 MP: 6/6
  4641 | D:4      | Reached *** piety under Trog
  4767 | D:4      | Reached skill level 7 in Axes
  4776 | D:4      | Reached skill level 5 in Armour
  4925 | D:4      | Found a glowing golden altar of the Shining One.
  5070 | D:5      | Entered Level 5 of the Dungeon
  5156 | D:5      | Reached XP level 8. HP: 57/70 MP: 7/7
  5250 | D:5      | Reached skill level 8 in Axes
  5369 | D:5      | Reached skill level 5 in Shields
  5978 | D:5      | Found an opulent altar of Gozag.
  6056 | D:6      | Found a staircase to the Ecumenical Temple.
  6180 | D:6      | Reached skill level 9 in Axes
  7057 | D:6      | Reached XP level 9. HP: 45/79 MP: 8/8
  7777 | D:7      | Noticed a six-headed hydra
  7832 | D:7      | Reached **** piety under Trog
  8210 | D:7      | Reached skill level 10 in Axes
  8839 | D:7      | Slain by a six-headed hydra

Illustrated notes

Levels and vault maps discovered:
D:1:      ncdulo_watergridlock, layout_rooms, hellmonk_ecumenical_altar_zigzags,
          nrook_mini_vaults
D:2:      layout_basic, basic_altar, serial_shops, shop,
          nicolae_shop_window_shopping
D:3:      layout_basic, nemelex_dance_club_becter
D:4:      layout_basic, lemuel_mausoleum_altar_kikubaaqudgha,
          nicolae_overflow_hidden_temple, nicolae_ru_awakened_eye
D:5:      layout_basic, general_overflow_altar, chequers_serial_rivers_micro_d
D:6:      layout_basic, minmay_temple_entry_stoned_glass
D:7:      minmay_the_grid_triangle_9x9_recursive_2
          [minmay_the_grid_triangle_9x9_prize_center,
          minmay_the_grid_triangle_9x9_warning,
          minmay_the_grid_triangle_9x9_flanged_cone,
          minmay_the_grid_triangle_9x9_empty], layout_basic, old_standard_altar,
          hangedman_abyss_or_decor_stagger, minmay_a_box_with_orc_wizards_in_it

Skill      XL: |  1  2  3  4  5  6  7  8  9 |
---------------+----------------------------+-----
Axes           | 4 5 6 7 9 10 | 10.2
Shields        | 1 2 3 4 6 |  6.5
Fighting       | 4 5 6 7 |  7.7
Armour         | 3 4 5 6 7 |  7.1
Dodging        | |  2.1

Action                   |  1- 3 |  4- 6 |  7- 9 || total
-------------------------+-------+-------+-------++-------
Melee: Hand axe          |    95 |   110 |   211 ||   416
       Headbutt          |    13 |    21 |    51 ||    85
       Punch             |     3 |     1 |     5 ||     9
Throw: Throwing net      |       |       |     1 ||     1
Invok: Berserk           |       |     2 |     4 ||     6
Evoke: Wand              |       |       |     1 ||     1
  Use: Potion            |     1 |       |     4 ||     5
       Scroll            |       |     8 |    12 ||    20
Armor: Animal skin       |    17 |       |       ||    17
       Leather armour    |     6 |    30 |    45 ||    81
       Steam dragon scal |       |       |     6 ||     6
Dodge: Dodged            |    65 |    63 |   115 ||   243
